AoeStats
← b站江条

Arabia

504408757Analyzed
1v1 RM · 28d ago on Sep 5, 2026· 23m 33s· 2 players
Game mode
Random Map
Map size
Tiny (2 player)
Population
200
Speed
Normal
Resources
Standard
Victory
Conquest
Starting age
Dark Age
Ending age
Imperial Age
RankedLock teamsTeams togetherTeam positionsShared explorationLock speedFull tech treeHidden civsTurbo modeCheats
Victory
Defeat
🇲🇽 Vietnamese · Mexico
1431
+13
🇨🇳 Maya · China
1369
-13
b站江条
0:26 Loom
9:23 Feudal Age
14:41 Wheelbarrow
14:39 Fletching
16:53 Town Watch
23:11 Castle Age
22:00 Scale Mail Armor
22:46 Padded Archer Armor
23:28 Crossbowman
[CL] DarKnight23
6:58 Loom
9:47 Feudal Age
10:44 Double-Bit Axe
13:42 Fletching
17:42 Padded Archer Armor
22:09 Castle Age
21:32 Gold Mining
21:49 Town Watch
22:39 Wheelbarrow
22:16 Crossbowman
23:01 Bodkin Arrow
Connection lost

Rejoining the realm…

Still unreachable

The connection could not be restored.

Session expired

The server has moved on; the page needs a fresh start.